 Dungeon Crawl Stone Soup version 0.21-a0-243-g597973d (webtiles) character file.

304 Chiseanne the Sneak (level 6, -2/30 HPs)
             Began as a Spriggan Gladiator on Sept 4, 2017.
             Slain by an orc wizard
             ... wielding a +0 dagger
              (7 damage)
             ... on level 4 of the Dungeon.
             The game lasted 00:06:44 (3507 turns).

Chiseanne the Sneak (Spriggan Gladiator)            Turns: 3507, Time: 00:06:45

Health: -2/30      AC:  2    Str: 10    XL:     6   Next: 15%
Magic:  7/7        EV: 25    Int:  9    God:
Gold:   133        SH:  0    Dex: 24    Spells: 5/5 levels left

rFire    . . .     SeeInvis +   a - +1 rapier
rCold    . . .     Gourm    .   (shield restricted)
rNeg     . . .     Faith    .   b - +0 robe
rPois    .         Spirit   .   c - +0 hat
rElec    .         Reflect  .   (no cloak)
rCorr    .         Harm     .   (gloves unavailable)
MR       +....                  (boots unavailable)
Stlth    ++++......             (no amulet)
HPRegen  0.10/turn              s - +4 ring of dexterity
MPRegen  0.10/turn              (no ring)

@: very quick
A: unfitting armour, see invisible, herbivore 3, speed 3, slow metabolism 2
a: no special abilities


You were on level 4 of the Dungeon.
You were not hungry.

You visited 1 branch of the dungeon, and saw 4 of its levels.

You collected 133 gold pieces.

Inventory:

Hand Weapons
 a - a +1 rapier (weapon)
Missiles
 g - 141 stones (quivered)
 h - 31 bolts
 j - 15 sling bullets
Armour
 b - a +0 robe (worn)
 c - a +0 hat (worn)
Jewellery
 o - an uncursed ring of flight
 s - a +4 ring of dexterity (left hand)
 v - an uncursed ring of ice
Wands
 l - a wand of polymorph (1/24)
 u - a wand of digging (13/24)
Scrolls
 e - a scroll of magic mapping
 i - 2 scrolls of teleportation
 t - a scroll of remove curse
Potions
 m - a potion of ambrosia {unknown}
 n - a potion of flight {unknown}
 p - a potion of brilliance {unknown}
 q - 2 potions of heal wounds {unknown}
Comestibles
 f - a bread ration
 r - a royal jelly


   Skills:
 - Level 1.5 Fighting
 - Level 3.2 Short Blades
 - Level 2.0 Throwing
 + Level 7.2 Dodging
 * Level 7.3 Stealth


You had 5 spell levels left.
You didn't know any spells.

Dungeon Overview and Level Annotations

Branches:
Dungeon (4/15)
 Temple: D:4-7

Altars:
Ashenzari
Hepliaklqana


Innate Abilities, Weirdness & Mutations

You are very small and have problems with some larger weapons.
You are too small for most types of armour.
You have supernaturally acute eyesight. (SInv)
You are a herbivore.
You cover ground extremely quickly.
You need consume almost no food.


Message History

Throwing (i - inventory. (,) - cycle):
d - a throwing net (quivered)
Press: ? - help, Shift-Dir - straight line, f/p - iguana
Aim: an iguana (severely wounded)
You throw a throwing net. The throwing net hits the iguana.
The iguana is caught in the net!
The iguana is severely wounded.
The orc wizard completely misses you.
The iguana struggles against the net.
The orc wizard completely misses you.
You hit the iguana.
The iguana is almost dead.
The orc wizard misses you.
The iguana struggles against the net.
You hit the iguana but do no damage.
The iguana is almost dead.
The orc wizard completely misses you.
The iguana struggles against the net.
The orc wizard gestures wildly while chanting.
The orc wizard blinks!
You hit the iguana but do no damage.
The iguana is almost dead.
The orc wizard hits you with a dagger!
You die...

#.# #.# #.#
#.# ##.## #>..
#..#####.####
#.Oo@lo....(.
#.#######....
#.#.. . #.#.#
####'#.#
#.....<#.###
#.............
#......#.#....
#......#.# ..


You could see an ogre, an iguana (caught), an orc wizard and an orc.

Vanquished Creatures
  A bullfrog (D:3)
  A hound (D:3)
  An orc wizard (D:4)
  Ijyb (D:3)
  7 adders
  An ooze (D:1)
  2 worms
  2 dart slugs (D:1)
  3 leopard geckos
  5 orcs
  3 giant cockroaches
  9 goblins
  8 hobgoblins
  5 jackals
  5 kobolds
  A quokka (D:2)
  5 bats
  3 frilled lizards
  7 rats
70 creatures vanquished.

Notes
Turn   | Place    | Note
-------+----------+-------------------------------------------
     0 | D:1      | Chiseanne the Spriggan Gladiator began the quest for the Orb.
     0 | D:1      | Reached XP level 1. HP: 10/10 MP: 2/2
    21 | D:1      | Reached skill level 1 in Stealth
   134 | D:1      | Reached XP level 2. HP: 7/14 MP: 3/3
   971 | D:1      | Reached skill level 5 in Dodging
  1064 | D:1      | Reached XP level 3. HP: 17/18 MP: 4/4
  1861 | D:2      | Reached XP level 4. HP: 22/22 MP: 5/5
  1933 | D:2      | Found a shattered altar of Ashenzari.
  1933 | D:2      | Found a hazy altar of Hepliaklqana.
  2274 | D:3      | Noticed Ijyb
  2277 | D:3      | Reached skill level 5 in Stealth
  2296 | D:3      | Killed Ijyb
  2296 | D:3      | Reached XP level 5. HP: 25/25 MP: 6/6
  3212 | D:3      | Reached XP level 6. HP: 30/30 MP: 7/7
  3507 | D:4      | Slain by an orc wizard

Vault maps used:
D:1:      elethiomel_arrival_shortcut
D:2:      gammafunk_temple_overflow_wave, kennysheep_generic_room_3
D:3:      minmay_misc_feat_cross, st_stairs_12, uniq_ijyb

Skill      XL: |  1  2  3  4  5 |
---------------+----------------+-----
Stealth        | 2 3 4 5 7 |  7.3
Dodging        | 5 6 7 |  7.2
Fighting       | |  1.5
Short Blades   | |  3.2
Throwing       | |  2.0

Action                   |  1- 3 |  4- 6 || total
-------------------------+-------+-------++-------
Melee: Rapier            |   123 |   128 ||   251
       Unarmed           |       |     4 ||     4
Throw: Throwing net      |       |     3 ||     3
Evoke: Wand              |       |     5 ||     5
  Use: Scroll            |       |    11 ||    11
 Stab: Sleeping          |     6 |     8 ||    14
  Eat: Fruit             |       |     2 ||     2
Armor: Robe              |     8 |     2 ||    10
Dodge: Dodged            |    98 |    94 ||   192

Table legend:
 A = Spawn XP
 B = Non-spawn XP
 C = Spawn XP percentage of total XP
 D = Spawn monster count
 E = Non-spawn monster count
 F = Spawn count percentage of total count
 G = Total turns spent on level
                    A         B        C        D         E        F      G
               +---------+---------+-------+---------+---------+-------+---------
         Total |       8 |     427 |   1.8 |       6 |      64 |   8.6 |  3507
               +---------+---------+-------+---------+---------+-------+---------
           D:1 |       6 |      39 |  13.3 |       5 |      17 |  22.7 |  1238
           D:2 |       0 |      77 |   0.0 |       0 |      20 |   0.0 |  1022
           D:3 |       2 |     268 |   0.7 |       1 |      25 |   3.8 |  1208
           D:4 |       0 |      43 |   0.0 |       0 |       2 |   0.0 |    39
               +---------+---------+-------+---------+---------+-------+---------
